 Dungeon Crawl Stone Soup version 0.31.0-32-g396128a36d (webtiles) character file.

Game seed: 5959409695456740858

1010 Cheops the Changeling (level 8, -5/48 HPs)
             Began as an Octopode Shapeshifter on Mar 11, 2024.
             Slain by a two-headed ogre
             ... wielding a +0 giant club
              (24 damage)
             ... on level 6 of the Dungeon.
             The game lasted 00:20:25 (4538 turns).

Cheops the Changeling (Octopode Shapeshifter)       Turns: 4538, Time: 00:20:26

Health: -5/48      AC:  1    Str: 15    XL:     8   Next: 21%
Magic:  8/8        EV: 22    Int: 12    God:
Gold:   352        SH:  0    Dex: 12    Spells: 7/7 levels left

rFire   . .          .
                       - Unarmed
rCold   . . .        (shield currently unavailable)
rNeg    . . .        (helmet restricted)
rPois   .            (no amulet)
rElec   .            n - +5 ring of evasion
rCorr   .            (no ring)
SInv    .            (no ring)
Will    .....        (no ring)
Stlth   +            (no ring)
HPRegen 0.28/turn    (no ring)
MPRegen 0.11/turn    (no ring)
                     (no ring)

%: no passive effects
@: flux-form, glowing
A: glow, contaminating, almost no armour, amphibious, 8 rings, camouflage 1,
gelatinous body 1, (nimble swimmer 1), tentacles
a: Begin Untransformation


You were on level 6 of the Dungeon.
You were something dangerously unstable.
You visited 2 branches of the dungeon, and saw 7 of its levels.

You collected 352 gold pieces.

Inventory:

Jewellery
 n - a +5 ring of evasion (left tentacle)
Talismans
 b - a beast talisman
 c - a flux talisman (active)
Wands
 e - a wand of charming (1)
Scrolls
 d - 2 scrolls of fog
Potions
 a - 2 potions of lignification
 f - 2 potions of haste
 i - 8 potions of curing {unknown}
 l - 3 potions of brilliance {unknown}
 m - a potion of mutation
 s - a potion of attraction


   Skills:
 - Level 1.0 Fighting
 - Level 2.0 Dodging
 + Level 5.7 Unarmed Combat
 - Level 7.8 Shapeshifting


You had 7 spell levels left.
You didn't know any spells.
Your spell library contained the following spells:

 Spells                   Type           Power      Damage    Failure   Level
 Summon Small Mammal      Summ           0%         N/A       32%         1
 Ensorcelled Hibernation  Hex/Ice        0%         N/A       45%         2
 Call Canine Familiar     Summ           0%         N/A       69%         3
 Passwall                 Erth           0%         N/A       69%         3
 Summon Ice Beast         Ice/Summ       0%         N/A       69%         3
 Swiftness                Air            0%         N/A       69%         3
 Summon Blazeheart Golem  Fire/Summ      0%         N/A       97%         4
 Summon Mana Viper        Hex/Summ       0%         N/A       100%        5
 Monstrous Menagerie      Summ           0%         N/A       100%        7


Dungeon Overview and Level Annotations

Branches:
Dungeon (6/15)             Temple (1/1) D:4

Altars:
Ashenzari
Cheibriados
Dithmenos
Elyvilon
Fedhas
Gozag
Hepliaklqana
Kikubaaqudgha
Makhleb
Nemelex Xobeh
Okawaru
Ru
Sif Muna
Trog
Uskayaw
Vehumet
Yredelemnul


Innate Abilities, Weirdness & Mutations

You are something dangerously unstable.
You glow with magical radiation, making you easy to see and hit.
Foes you strike become dangerously contaminated with magical radiation.
You are incapable of wielding weapons or throwing items.
You cannot wear most types of armour.
You are amphibious.
You can wear up to eight rings at the same time.
Your skin changes colour to match your surroundings (Stealth+).
Your rubbery body absorbs attacks. (AC +1, EV +1)
((You are camouflaged when in or above water. (Stealth+)))
You have tentacles for arms and can constrict up to eight enemies at once.


Message History

A two-headed ogre is nearby!
A two-headed ogre is nearby!
Okay, then.
Okay, then.
Okay, then.
The air fills with toxic fumes!
As you read the scroll of poison, it crumbles to dust.
You swing at nothing.
The two-headed ogre is engulfed in poison gas.
The two-headed ogre is poisoned.
A shadow comes into view.
You swing at nothing.
The two-headed ogre is engulfed in poison gas.
The two-headed ogre looks even sicker.
You barely miss the two-headed ogre. You squeeze the two-headed ogre.
The two-headed ogre is lightly wounded.
The two-headed ogre is engulfed in poison gas.
The two-headed ogre looks even sicker.
The two-headed ogre hits you with a +0 giant club!!
Ouch! That really hurt!
* * * LOW HITPOINT WARNING * * *
The two-headed ogre closely misses you.
Unknown command.
Unknown command.
Unknown command.
You tentacle-slap the two-headed ogre.
The two-headed ogre begins to glow.
The two-headed ogre is moderately wounded.
Unknown command.
Unknown command.
Unknown command.
You tentacle-slap the two-headed ogre.
The two-headed ogre glows dangerously bright.
You squeeze the two-headed ogre.
The two-headed ogre is heavily wounded.
The two-headed ogre is engulfed in poison gas.
The two-headed ogre looks as sick as possible!
The two-headed ogre misses you.
The two-headed ogre hits you with a +0 giant club!!
Ouch! That really hurt!
You die...

#........## ..........##
...........# ...<.......#
|..........#### #
..............# #§.
........#§#§#.# #§§§.
#........§§§§§#####§§§☼§.
#.......#.#.#☼§§pO§§§§§§.
##.......§§§§§§###§§§☼☼§.
#......#☼#§#§## #§§W§§.
###..#....§§.# #.§§☼.
##.....§§..# #§§☼.
#....☼§.... .§§.
#....§..... .§.
#..######.. .. #..#


You could see a two-headed ogre (extremely poisoned, heavy contam) and a shadow.

Vanquished Creatures
  Edmund (D:5)
  A black bear (D:5)
  An ogre (D:4)
  4 scorpions
  A jelly (D:6)
  2 orc priests
  A bombardier beetle (D:5)
  2 hounds
  An iguana (D:5)
  Ijyb (D:4)
  4 orc wizards
  9 adders
  2 dart slugs
  2 ribbon worms
  9 orcs
  5 ball pythons
  6 endoplasms
  2 giant cockroaches
  5 goblins
  8 hobgoblins
  4 quokkas
  5 bats
  6 frilled lizards
  10 kobolds
  7 rats
99 creatures vanquished.

Vanquished Creatures (collateral kills)
  A scorpion (D:5)
1 creature vanquished.

Grand Total: 100 creatures vanquished

Notes
Turn   | Place    | Note
-------+----------+-------------------------------------------
     0 | D:1      | Cheops the Octopode Shapeshifter began the quest for the
                  | Orb.
     0 | D:1      | Reached XP level 1. HP: 13/13 MP: 1/1
   117 | D:1      | Reached XP level 2. HP: 17/18 MP: 2/2
   664 | D:2      | Reached XP level 3. HP: 23/23 MP: 3/3
  1286 | D:2      | Reached XP level 4. HP: 28/28 MP: 4/4
  1668 | D:3      | Reached skill level 5 in Unarmed Combat
  2053 | D:3      | Reached XP level 5. HP: 33/33 MP: 5/5
  2642 | D:4      | Noticed Ijyb
  2649 | D:4      | Killed Ijyb
  2650 | D:4      | Reached skill level 4 in Shapeshifting
  2671 | D:4      | Reached skill level 5 in Shapeshifting
  2671 | D:4      | Reached XP level 6. HP: 38/38 MP: 6/6
  2741 | D:4      | Found a sacrificial altar of Ru.
  3193 | D:4      | Found a shadowy altar of Dithmenos.
  3212 | D:4      | Reached skill level 6 in Shapeshifting
  3212 | D:4      | Reached XP level 7. HP: 22/43 MP: 7/7
  3364 | D:4      | Found a staircase to the Ecumenical Temple.
  3589 | Temple   | Entered the Ecumenical Temple
  3628 | D:5      | Entered Level 5 of the Dungeon
  3644 | D:5      | Noticed Edmund
  3659 | D:5      | Reached skill level 7 in Shapeshifting
  3662 | D:5      | Killed Edmund
  4024 | D:5      | Reached XP level 8. HP: 42/48 MP: 8/8
  4219 | D:5      | Found a shimmering blue altar of Sif Muna.
  4531 | D:6      | Noticed a two-headed ogre
  4534 | D:6      | Noticed a shadow
  4538 | D:6      | Slain by a two-headed ogre

Illustrated notes

Levels and vault maps discovered:
D:1:      lightli_arrival_boilingwater, layout_loops_ring,
          chequers_decorated_corner
D:2:      layout_basic, dk_noncrumbling_2, minmay_misc_feat_nine_boxes,
          supply_closet_lemuel, interstate_on_off
D:3:      layout_basic
D:4:      layout_cave_pools, nicolae_ru_path_of_blood,
          mainiacjoe_overflow_small_starburst, minmay_temple_entry_nine_rooms,
          uniq_ijyb
D:5:      layout_rooms, lemuel_blue_sif_altar,
          eino_small_chamber_without_monster, uniq_edmund
D:6:      minmay_bubble_buster, layout_cave_pods, serial_glass, glass_columns_c,
          glass_columns_a, glass_columns_a, glass_columns_b, glass_columns_a,
          uniq_crazy_yiuf_cottage, uniq_grinder
Temple:   nicolae_temple_bog_church

Skill      XL: |  1  2  3  4  5  6  7 |
---------------+----------------------+-----
Unarmed Combat | 4 5 |  5.7
Shapeshifting  | 5 6 7 |  7.8
Fighting       | |  1.0
Dodging        | |  2.0

Action                     |  1- 3 |  4- 6 |  7- 9 || total
---------------------------+-------+-------+-------++-------
  Melee: Unarmed           |    68 |    85 |    66 ||   219
         Constrict         |    15 |    18 |    20 ||    53
         Tentacles         |     8 |    15 |    22 ||    45
         Punch             |     1 |     6 |       ||     7
Ability: Begin Untransform |     1 |       |       ||     1
  Evoke: Wand              |       |       |     4 ||     4
    Use: Scroll            |       |    12 |     3 ||    15
   Stab: Sleeping          |    10 |     5 |     1 ||    16
 Armour: Skin              |    19 |    20 |    17 ||    56
  Dodge: Dodged            |    28 |    70 |    43 ||   141
   Form: Beast             |     1 |       |       ||     1
         Flux              |       |       |     1 ||     1
